 Dungeon Crawl Stone Soup version 0.30.1-3-gfc49f6343a (webtiles) character file.

Game seed: 18053190291205386707

200 shmup the Firebug (level 5, 0/28 HPs)
             Began as a Tengu Fire Elementalist on July 23, 2023.
             Was an Initiate of Sif Muna.
             Slain by a water moccasin zombie (1 damage)
             ... in an ossuary.
             The game lasted 00:09:42 (3707 turns).

shmup the Firebug (Tengu Fire Elementalist)         Turns: 3707, Time: 00:09:43

Health: 0/28       AC:  2    Str:  8    XL:     5   Next: 78%
Magic:  4/9        EV: 14    Int: 17    God:    Sif Muna [......]
Gold:   170        SH:  0    Dex: 15    Spells: 5/8 levels left

rFire   . . .        e - +0 dagger
rCold   . . .        (no shield)
rNeg    . . .        a - +0 robe
rPois   .            (helmet restricted)
rElec   .            (no cloak)
rCorr   .            (no gloves)
SInv    .            (boots unavailable)
Will    .....        (no amulet)
Stlth   ++           (no ring)
HPRegen 0.24/turn    (no ring)
MPRegen 0.11/turn

%: no passive effects
@: flying quickly and evasively, quick
A: beak, talons 3, nimble flight
a: Renounce Religion


You were in an ossuary.
You worshipped Sif Muna.
Sif Muna was noncommittal.
You visited 1 branch of the dungeon, and saw 4 of its levels.
You also visited: Ossuary.

You collected 170 gold pieces.

Inventory:

Hand Weapons
 d - a +0 club
 e - a +0 dagger (weapon)
Missiles
 j - 3 stones (quivered)
 o - 6 curare-tipped darts
 r - 5 poisoned darts
 t - 6 boomerangs
 x - 6 javelins
Armour
 a - a +0 robe (worn)
Wands
 m - a wand of paralysis (4)
Scrolls
 f - 3 scrolls of immolation {unknown}
 i - a scroll of blinking {unknown}
 k - 4 scrolls of identify {unknown}
 l - 2 scrolls of teleportation {unknown}
 n - a scroll of noise {unknown}
 p - a scroll of fog {unknown}
 v - a scroll of enchant armour {unknown}
 y - a scroll of brand weapon {unknown}
Potions
 c - 2 potions of heal wounds {unknown}
 g - 2 potions of berserk rage {unknown}
 h - a potion of lignification {unknown}
 q - a potion of attraction {unknown}
 s - a potion of might {unknown}
 u - a potion of ambrosia {unknown}
 w - a potion of curing {unknown}


   Skills:
 - Level 2.1 Dodging
 - Level 2.0 Stealth
 - Level 2.0 Spellcasting
 + Level 4.2 Conjurations
 * Level 5.9 Fire Magic


You had 5 spell levels left.
You knew the following spells:

 Your Spells              Type           Power      Damage    Failure   Level
a - Foxfire               Conj/Fire      76%        2x1d7     2%          1
b - Scorch                Fire           44%        2d6       2%          2

Your spell library contained the following spells:

 Spells                   Type           Power      Damage    Failure   Level
 Inner Flame              Hex/Fire       11%        N/A       17%         3
 Volatile Blastmotes      Fire/Tloc      22%        2d11      17%         3
 Flame Wave               Conj/Fire      19%        2d7       24%         4
 Vhi's Electric Charge    Tloc/Air       2%         N/A       50%         3
 Arcjolt                  Conj/Air       4%         1d14      92%         5
 Plasma Beam              Fire/Air       5%         2x1d17    100%        6


Dungeon Overview and Level Annotations

Branches:
Dungeon (4/15)            Ossuary (1/1)
 Temple: D:4-7

Altars:
Dithmenos
Sif Muna

Shops:
D:3 (

Annotations:
D:4 2 transporters, spardeous's ghost, amateur DgEE


Innate Abilities, Weirdness & Mutations

You have a beak for a mouth.
You have claws for feet.
Your magical nature lets you fly swiftly and evasively.


Message History

The water moccasin zombie barely misses you.
Casting: Scorch (safe; 2% risk of failure)
Confirm with . or Enter, or press ? or * to list all spells.
Flames lash the adder zombie.
The adder zombie is heavily damaged.
The adder zombie's fire resistance burns away.
The water moccasin zombie bites you.
* * * LOW HITPOINT WARNING * * *
Unknown command.
The water moccasin zombie attacks as you move away!
The water moccasin zombie barely misses you.
Magic courses through your body.
The kobold zombie is no longer more vulnerable to fire.
The water moccasin zombie closely misses you.
The kobold zombie hits you.
* * * LOW HITPOINT WARNING * * *
Unknown command.
Casting: Scorch (safe; 2% risk of failure)
Confirm with . or Enter, or press ? or * to list all spells.
Flames lash the adder zombie.
The adder zombie is burned terribly!
The adder zombie is severely damaged.
The adder zombie bites you.
* * * LOW HITPOINT WARNING * * *
The water moccasin zombie barely misses you.
The kobold zombie completely misses you.
Casting: Scorch (safe; 2% risk of failure)
Confirm with . or Enter, or press ? or * to list all spells.
Flames lash the kobold zombie.
You destroy the kobold zombie!
Sif Muna accepts your kill. The water moccasin zombie bites you.
* * * LOW HITPOINT WARNING * * *
The adder zombie closely misses you.
Casting: Scorch (safe; 2% risk of failure)
Confirm with . or Enter, or press ? or * to list all spells.
Flames lash the adder zombie.
The adder zombie is burned terribly!
You destroy the adder zombie!
Sif Muna accepts your kill. The water moccasin zombie bites you.
You die...

▒...▒ ▒...▒
▒...▒ ▒▒'▒▒
▒...▒
▒...▒▒▒▒▒ ▒▒▒
▒...▒...▒!!!!▒
▒..Z'.\.▒?=/!+
▒\.Q▒...▒???!▒
▒▒▒▒▒▒▒▒▒ ▒▒▒


You could see a water moccasin zombie.

Vanquished Creatures
  Natasha (thrice) (D:3)
  An orc wizard (D:3)
  An adder zombie (Ossuary)
  2 worms (D:2)
  A dart slug (D:2)
  4 orcs
  5 endoplasms
  4 giant cockroaches
  A gnoll zombie (Ossuary)
  7 goblins
  7 hobgoblins
  13 jackals
  6 kobolds
  4 quokkas
  7 ball pythons
  6 bats
  A kobold zombie (Ossuary)
  An orc zombie (Ossuary)
  7 rats
81 creatures vanquished.

Vanquished Creatures (others)
  143 foxfires
143 creatures vanquished.

Grand Total: 224 creatures vanquished

Notes
Turn   | Place    | Note
-------+----------+-------------------------------------------
     0 | D:1      | shmup the Tengu Fire Elementalist began the quest for the
                  | Orb.
     0 | D:1      | Reached XP level 1. HP: 10/10 MP: 4/4
   309 | D:1      | Reached XP level 2. HP: 15/15 MP: 4/6
   730 | D:1      | Reached skill level 4 in Fire Magic
  1123 | D:1      | Reached XP level 3. HP: 19/19 MP: 5/7
  1976 | D:2      | Reached XP level 4. HP: 23/24 MP: 5/8
  2253 | D:2      | Learned a level 2 spell: Scorch
  2464 | D:3      | Noticed Natasha
  2466 | D:3      | Killed Natasha
  2467 | D:3      | Reached skill level 5 in Fire Magic
  2700 | D:3      | Found a shimmering blue altar of Sif Muna.
  2709 | D:3      | Found a shadowy altar of Dithmenos.
  2722 | D:3      | Became a worshipper of Sif Muna the Loreminder
  2884 | D:3      | Found Lunain's Antique Weapon Shop.
  3129 | D:3      | Noticed Natasha
  3133 | D:3      | Killed Natasha
  3134 | D:3      | Gained mutation: Your magical nature lets you fly swiftly
                  | and evasively. [Tengu growth]
  3134 | D:3      | Reached XP level 5. HP: 28/28 MP: 3/9
  3210 | D:3      | Noticed Natasha
  3218 | D:3      | Killed Natasha
  3518 | D:4      | Noticed spardeous's ghost (amateur DgEE)
  3518 | D:4      | Found a transporter.
  3518 | D:4      | Found a transporter.
  3646 | D:4      | Found a sand-covered staircase.
  3654 | Ossuary  | Entered an ossuary
  3706 | Ossuary  | HP: 1/28 [water moccasin zombie (2)]
  3707 | Ossuary  | Slain by a water moccasin zombie

Illustrated notes

Levels and vault maps discovered:
D:1:      tarquinn_simple_flora_water_f, layout_basic, kennysheep_another_room
D:2:      layout_loops_ring
D:3:      layout_loops_ring, mainiacjoe_overflow_swirl, serial_shops, shop,
          supply_closet_lemuel, chequers_serial_rivers_micro_b, uniq_natasha
D:4:      layout_rooms, nicolae_overflow_quartered_altars,
          kennysheep_okawaru_gauntlet, gammafunk_ghost_arena,
          nicolae_ossuary_entry_plus
Ossuary:  ossuary_tomb_2

Skill      XL: |  1  2  3  4  5 |
---------------+----------------+-----
Conjurations   | 2 3 4 |  4.2
Fire Magic     | 4 5 |  5.9
Dodging        | |  2.1
Stealth        | |  2.0
Spellcasting   | |  2.0

Action                     |  1- 3 |  4- 6 || total
---------------------------+-------+-------++-------
  Melee: Dagger            |     7 |    24 ||    31
         Kick              |     1 |     8 ||     9
         Peck              |     1 |     3 ||     4
   Cast: Foxfire           |    67 |    22 ||    89
         Scorch            |       |    30 ||    30
    Use: Potion            |       |     1 ||     1
 Armour: Robe              |    10 |     4 ||    14
  Dodge: Dodged            |    35 |    34 ||    69
